Map: [TLMC15] Berlingrad

Players

Serral

  • Race: Zerg Zerg

Solar - Winner!

  • Race: Zerg Zerg

Event: StayAtHome Story Cup #4

VOD

Have the link to the VOD?

Description

Time

  • Played on: Oct. 24, 2021, 2:20 p.m.
  • Length: 4:42

All games in this series

Show
View Real Time Build Order
Export as new Build Order

Serral Zerg 

Build Orders: Hatch First 

Get SALT Encoding   

  12  0:00  Drone  
  13  0:12  Overlord  
  13  0:16  Drone  
  14  0:30  Drone  
  14  0:31  Drone  
  16  0:47  Hatchery  
  15  0:50  Drone  
  15  0:54  Drone  
  17  1:07  Spawning Pool  
  17  1:09  Extractor  
  15  1:12  Drone  
  15  1:16  Drone  
  17  1:19  Drone  
  18  1:28  Drone  
  19  1:47  Evolution Chamber x2  
  19  1:48  Evolution Chamber  
  16  1:56  Zergling x4  
  16  1:58  Queen  
  16  1:59  Zergling x2  
  21  2:04  Zergling x2  
  24  2:15  Zergling x2  
  24  2:16  Zergling x2  
  24  2:22  Zergling x2  
  12  2:51  Zergling x2  
  12  2:54  Zergling x2  
  14  3:00  Zergling x2  
  7  3:47  Zergling x2  
Show
View Real Time Build Order
Export as new Build Order

Solar Zerg - Winner!

Build Orders: Pool Only 

Get SALT Encoding   

  12  0:18  Spawning Pool  
  11  0:22  Drone  
  11  0:26  Drone  
  13  0:31  Drone  
  14  0:39  Overlord  
  14  1:04  Zergling x4  
  14  1:05  Zergling x2  
  17  1:18  Zergling x2  
  18  1:28  Zergling x2  
  19  1:38  Zergling x2  
  20  1:50  Zergling x2  
  21  1:55  Spine Crawler  
  21  2:02  Spine Crawler  
  21  2:04  Spine Crawler  
  19  2:17  Zergling x2  
  6  2:38  Zergling x2  
  6  3:03  Zergling x2  
  4  3:26  Zergling x2  
  4  3:51  Zergling x2  
  4  4:12  Zergling x2  
Tags
 
Add a new tag
Caveats
  • Supply blocks, unpowered buildings, or Contaminate may cause inaccurate times.
  • Supply counts are checked every 10 seconds.